 Dungeon Crawl Stone Soup version 0.30-a0-43-gbbf338a72c (webtiles) character file.

Game seed: 7720409715433396483

468 LnG the Chopper (level 7, -2/60 HPs)
             Began as a Hill Orc Fighter on Aug 31, 2022.
             Slain by Newt's ghost (3 damage)
             ... on level 4 of the Dungeon.
             The game lasted 00:17:00 (4909 turns).

LnG the Chopper (Hill Orc Fighter)                  Turns: 4909, Time: 00:17:00

Health: -2/60      AC:  7    Str: 21    XL:     7   Next: 8%
Magic:  7/7        EV:  9    Int:  8    God:
Gold:   164        SH:  4    Dex: 10    Spells: 6/6 levels left

rFire   + . .      SeeInvis .    a - +0 war axe
rCold   + . .      Faith    .    c - +0 buckler
rNeg    . . .      Spirit   .    b - +0 scale mail
rPois   .          Reflect  .    (no helmet)
rElec   .          Harm     .    q - scarf {rC+ rF+}
rCorr   .          Rampage  .    (no gloves)
Will    .....                    (no boots)
Stlth   ..........               (no amulet)
HPRegen 0.20/turn                (no ring)
MPRegen 0.10/turn                (no ring)

@: no status effects
A: no striking features
a: no special abilities


You were on level 4 of the Dungeon.
You visited 1 branch of the dungeon, and saw 4 of its levels.

You collected 164 gold pieces.

Inventory:

Hand Weapons
 a - a +0 war axe (weapon)
Armour
 b - a +0 scale mail (worn)
 c - a +0 buckler (worn)
 q - a scarf of resistance (worn)
Jewellery
 r - a ring of willpower
Scrolls
 e - 5 scrolls of teleportation
 f - 3 scrolls of fog
 h - 3 scrolls of fear
 i - a scroll of amnesia
 j - a scroll of vulnerability {unknown}
 l - a scroll of blinking {unknown}
 p - a scroll of silence {unknown}
 t - a scroll of enchant weapon {unknown}
 u - a scroll of summoning {unknown}
Potions
 d - 2 potions of might
 g - a potion of attraction
 k - a potion of resistance
 m - a potion of invisibility {unknown}
 n - a potion of haste {unknown}
 o - a potion of heal wounds {unknown}
 s - 5 potions of mutation
 v - a potion of brilliance {unknown}


   Skills:
 + Level 4.7 Fighting
 + Level 6.4 Axes
 + Level 5.4 Armour
 + Level 1.2 Dodging
 + Level 0.2 Stealth
 + Level 4.0 Shields


You had 6 spell levels left.
You didn't know any spells.
Your spell library contained the following spells:

 Spells                   Type           Power      Damage    Failure   Level
 Apportation              Tloc           0%         N/A       82%         1
 Necrotise                Necr           0%         1d4       82%         1
 Summon Small Mammal      Summ           0%         N/A       82%         1


Dungeon Overview and Level Annotations

Branches:
Dungeon (4/15)
 Temple: D:4-7

Altars:
Elyvilon
Zin
The Shining One

Portals:
Abyss: D:3

Annotations:
D:3 2 transporters, siradein's ghost, amateur MfGl
D:4 Newt's ghost, amateur DsGl


Message History

Newt's ghost hits you but does no damage.
You barely miss Newt's ghost. Newt's ghost barely misses you.
You barely miss Newt's ghost.
Newt's ghost hits you but does no damage.
Newt's ghost barely misses you.
You hit Newt's ghost but do no damage. Newt's ghost hits you.
You hit Newt's ghost.
Newt's ghost is lightly damaged.
Newt's ghost hits you but does no damage.
You slash Newt's ghost!
Newt's ghost is moderately damaged.
You block Newt's ghost's attack.
You completely miss Newt's ghost.
Newt's ghost is moderately damaged.
Newt's ghost closely misses you.
A wight comes into view. It is wielding a +0 battleaxe.
Newt's ghost hits you!
You slash Newt's ghost!
Newt's ghost is heavily damaged.
Newt's ghost barely misses you.
You hit Newt's ghost.
Newt's ghost is heavily damaged.
Newt's ghost hits you.
You barely miss Newt's ghost.
Newt's ghost is heavily damaged.
You block Newt's ghost's attack.
You hit Newt's ghost.
Newt's ghost is heavily damaged.
Newt's ghost closely misses you.
You slash Newt's ghost!
Newt's ghost is severely damaged.
Newt's ghost hits you!
* * * LOW HITPOINT WARNING * * *
x2 Newt's ghost hits you.
* * * LOW HITPOINT WARNING * * *
x2 You slash Newt's ghost!
Newt's ghost is almost destroyed.
Newt's ghost hits you!
* * * LOW HITPOINT WARNING * * *
You die...

.....#.......)..#
...####...##....#
#######'####....##
........>........#
.................#
...........(.....#
.................##
..........##......#
...##.....##....@§#
##+##.........##W##
...##.....##..#§z§#
...##.....##..#§§§#
..........##..#
..........########
...........'.)...#
...##......#....##
...##......#.....#


You could see a wight and Newt's ghost.

Vanquished Creatures
  A black bear (D:4)
  A phantom (D:3)
  A scorpion (D:3)
  A hound (D:4)
  An orc priest (D:2)
  An iguana (D:3)
  Robin (D:4)
  4 adders
  A worm (D:4)
  A dart slug (D:1)
  6 orcs
  8 bats
  4 endoplasms
  2 giant cockroaches (D:2)
  10 hobgoblins
  5 jackals
  5 kobolds
  5 quokkas
  6 ball pythons
  2 frilled lizards
  22 goblins
  8 rats
96 creatures vanquished.

Notes
Turn   | Place    | Note
-------+----------+-------------------------------------------
     0 | D:1      | LnG the Hill Orc Fighter began the quest for the Orb.
     0 | D:1      | Reached XP level 1. HP: 19/19 MP: 1/1
   236 | D:1      | Reached XP level 2. HP: 27/27 MP: 2/2
   471 | D:1      | Found a faded altar of an unknown god.
   521 | D:1      | Reached skill level 3 in Axes
   701 | D:1      | Reached XP level 3. HP: 33/33 MP: 3/3
  1336 | D:2      | Reached XP level 4. HP: 24/40 MP: 0/4
  1702 | D:2      | Reached skill level 4 in Axes
  2240 | D:3      | Found a transporter.
  2245 | D:3      | Noticed an ancient zyme
  2257 | D:3      | Found a one-way gate to the infinite horrors of the Abyss.
  2257 | D:3      | Noticed siradein's ghost (amateur MfGl)
  2272 | D:3      | Found a transporter.
  2274 | D:3      | Noticed a small abomination
  2508 | D:3      | Identified the +2 leather armour of the Chupacabra {Slay+3}
  2629 | D:4      | Noticed a scorpion
  2641 | D:3      | Killed a scorpion
  2642 | D:3      | Reached skill level 1 in Dodging
  2642 | D:3      | Reached XP level 5. HP: 33/46 MP: 5/5
  2806 | D:3      | Noticed a phantom
  2831 | D:3      | Killed a phantom
  2832 | D:3      | Reached skill level 5 in Axes
  2832 | D:3      | Reached XP level 6. HP: 45/53 MP: 6/6
  2964 | D:3      | Reached skill level 5 in Armour
  3463 | D:3      | Noticed a small abomination
  3778 | D:4      | Found a runed translucent door.
  4064 | D:4      | Noticed a black bear
  4073 | D:4      | Killed a black bear
  4074 | D:4      | Reached skill level 6 in Axes
  4282 | D:4      | Reached XP level 7. HP: 57/60 MP: 7/7
  4334 | D:4      | Found a glowing silver altar of Zin.
  4334 | D:4      | Found a white marble altar of Elyvilon.
  4335 | D:4      | Found a glowing golden altar of the Shining One.
  4480 | D:4      | Noticed Robin
  4493 | D:4      | Killed Robin
  4883 | D:4      | Noticed Newt's ghost (amateur DsGl)
  4909 | D:4      | HP: 1/60 [Newt's ghost (9)]
  4909 | D:4      | Slain by Newt's ghost

Illustrated notes

Levels and vault maps discovered:
D:1:      psy_arrival_basics, layout_loops_ring,
          dreamdust_ecumenical_altar_angels_and_demons, st_stairs_4,
          minmay_misc_feat_encased
D:2:      layout_rooms, minmay_tromino_i2
D:3:      minmay_octagon_keep, layout_basic, gammafunk_ghost_abyssal_escape
D:4:      kennysheep_goblin_castle, layout_gridville, good_gods_temple_1,
          ebering_ghost_inner_flame

Skill      XL: |  1  2  3  4  5  6 |
---------------+-------------------+-----
Axes           | 3 4 5 6 |  6.4
Fighting       | 4 |  4.7
Armour         | 4 5 |  5.4
Dodging        | 1 |  1.2
Shields        | 4 |  4.0
Stealth        | |  0.2

Action                   |  1- 3 |  4- 6 |  7- 9 || total
-------------------------+-------+-------+-------++-------
Melee: War axe           |    88 |   160 |    49 ||   297
  Use: Scroll            |     4 |     2 |     1 ||     7
       Potion            |       |       |     1 ||     1
Armor: Scale mail        |    59 |    70 |    32 ||   161
Dodge: Dodged            |    55 |    83 |    31 ||   169
Block: Buckler           |    18 |    38 |    19 ||    75

Table legend: (Time is in decaauts)
 A = Elapsed time spent in this place.
 B = Non-inter-level travel time spent in this place.
 C = Inter-level travel time spent in this place.
 D = Time resting spent in this place.
 E = Time spent auto-exploring this place.
 F = Levels seen in this place.
 G = Mean time per level.
                   A        B        C        D        E       F      G
               +--------+--------+--------+--------+--------+-----+--------+
         Total |   5001 |   4891 |    110 |   1530 |   1222 |   4 | 1250.2 |
       Dungeon |   5001 |   4891 |    110 |   1530 |   1222 |   4 | 1250.2 |
               +--------+--------+--------+--------+--------+-----+--------+

Top non-repeatable levels by time:
     D:3: 1572 daAuts
     D:4: 1243 daAuts
     D:2: 1175 daAuts
     D:1: 1009 daAuts
